 Dungeon Crawl Stone Soup version 0.29.0-4-gdea44cf6ec (webtiles) character file.

Game seed: 2878314898412942563

6267 qw the Grappler (level 10, -3/91 (94) HPs)
             Began as a Troll Cinder Acolyte on Sept 3, 2022.
             Was an Initiate of Ignis.
             Killed by nerve-wracking pain
             ... invoked by a shadow imp
             ... summoned by an obsidian statue
              (5 damage)
             ... on level 9 of the Dungeon.
             The game lasted 00:05:25 (7464 turns).

qw the Grappler (Troll Cinder Acolyte)              Turns: 7464, Time: 00:05:26

HP:   -3/91 (94)    AC: -7    Str: 28      XL:     10   Next: 62%
MP:   10/10         EV: 12    Int:  2 (10) God:    Ignis [......]
Gold: 1055          SH:  8    Dex:  5      Spells: 11/11 levels left

rFire   + . .      SeeInvis .     - Unarmed
rCold   + . .      Faith    .   g - +0 kite shield
rNeg    . . .      Spirit   .   r - +2 robe {rC+}
rPois   +          Reflect  .   (helmet restricted)
rElec   .          Harm     .   a - +2 cloak {rCorr}
rCorr   +          Rampage  .   (gloves unavailable)
Will    .....                   (boots unavailable)
Stlth   +.........              q - amulet of regeneration
HPRegen 1.85/turn               s - ring of poison resistance
MPRegen 0.12/turn               c - +4 ring of evasion

@: corroded, mesmerised, lightly drained
A: large, unfitting armour, claws 3, regeneration 1, shaggy fur 1, tough skin 1
a: Renounce Religion, Rising Flame


You were on level 9 of the Dungeon.
You worshipped Ignis.
Ignis was noncommittal.
You visited 1 branch of the dungeon, and saw 9 of its levels.

You collected 1154 gold pieces.
You spent 99 gold pieces at shops.


Innate Abilities, Weirdness & Mutations

You are too large for most types of armour.
You have claws for hands.
Your natural rate of healing is unusually fast.
You are covered in fur. (AC +1)
You have tough skin. (AC +1)


   Skills:
 + Level 4.6 Fighting
 - Level 1.0 Throwing
 - Level 2.0 Dodging
 - Level 9.0 Shields
 - Level 12.0 Unarmed Combat
 - Level 1.0 Spellcasting
 - Level 2.1 Fire Magic


You had 11 spell levels left.
You didn't know any spells.
Your spell library contained the following spells:

 Spells                   Type           Power      Damage    Failure   Level
 Scorch                   Fire           0%         2d5       56%         2

Inventory:

Armour
 a - a +2 cloak of preservation (worn)
 g - a +0 kite shield (worn)
 r - a +2 robe of cold resistance (worn)
Jewellery
 b - a +6 ring of strength
 c - a +4 ring of evasion (right claw)
 q - an amulet of regeneration (around neck)
 s - a ring of poison resistance (left claw)
Scrolls
 f - 6 scrolls of enchant weapon
 j - a scroll of brand weapon
 m - 2 scrolls of enchant armour
 n - 2 scrolls of identify
Potions
 e - a potion of might
 l - a potion of resistance

Dungeon Overview and Level Annotations

Branches:
Dungeon (9/15)             Temple (0/1) D:4            Lair (0/5) D:9
    Orc: D:9-12

Altars:
Vehumet

Shops:
D:4 ([

Annotations:
D:4 3 runed translucent doors, qw's ghost, amateur TrCA


Message History

You claw the rust devil!
The rust devil is moderately wounded.
The shadow imp completely misses you. You block the white imp's attack.
You closely miss the rust devil.
The rust devil is moderately wounded.
The obsidian statue slips into the dungeon's darkness for a moment.
The obsidian statue's eyes glow briefly.
The obsidian statue draws you further into its thrall.
The rust devil barely misses you.
The white imp hits you but does no damage.
You block the shadow imp's attack.
You claw the rust devil!
The rust devil is severely wounded.
The rust devil hits you! The white imp gestures at you.
The puff of frost misses you. The puff of frost hits you. You resist.
You block the shadow imp's attack.
You scratch the rust devil.
The rust devil is severely wounded.
You block the rust devil's attack. You block the white imp's attack.
The shadow imp hits you.
You scratch the rust devil but do no damage.
The rust devil is severely wounded.
The rust devil hits you! The rust devil corrodes you!
You block the white imp's attack. The shadow imp hits you.
You claw the rust devil!
The rust devil is almost dead.
The rust devil hits you! The rust devil corrodes you!
The shadow imp gestures at you.
You struggle to resist.
The white imp shouts, "Run away, thou bumbling knotty-pated nothing!"
The white imp barely misses you.
You scratch the rust devil but do no damage.
The rust devil is almost dead.
The obsidian statue's eyes glow briefly.
The obsidian statue draws you further into its thrall.
The rust devil hits you! The rust devil corrodes you!
The shadow imp gestures at you. Pain shoots through your body!
You die...

##...................~~~~
##...........###........
##.........#####.......
##........#####.......
##........#####.......
#..#.......###........
#.#................[..
#...#8#8#5............
#..#8@458#............
#..85.43.8............
#..#.$8}...#.#########
#..8..!..8.#.#
#..#8...8#.#.#
#...#8#8#}.#.#
###.......##.#
######.....# #######


You could see an obsidian statue (mesmerising), a hellwing (summoned), a rust
devil (summoned), a neqoxec (summoned), a crimson imp (summoned), a white imp
(summoned) and a shadow imp (summoned).

Vanquished Creatures
  A two-headed ogre (D:9)
  Pikel (D:4)
  Eustachio (D:6)
  Edmund (D:4)
  An ice beast (D:5)
  3 sky beasts
  2 black bears
  4 orc warriors
  5 ogres
  7 centaurs
  3 lemures (D:4)
  2 kobold brigands
  Blork the orc (D:4)
  5 bullfrogs
  A scorpion (D:3)
  6 necrophages
  5 wights (D:8)
  14 killer bees
  3 electric eels (D:9)
  3 howler monkeys
  9 hounds
  Crazy Yiuf (D:4)
  4 orc priests
  4 jellies
  3 iguanas
  6 orc wizards
  Natasha (thrice) (D:2)
  Terence (D:2)
  Robin (D:2)
  A gnoll (D:5)
  8 adders
  3 shadow imps
  A white imp (D:7)
  2 worms
  2 dart slugs
  19 orcs
  6 ball pythons
  14 endoplasms
  3 giant cockroaches (D:4)
  14 goblins
  8 hobgoblins
  6 jackals (D:1)
  20 kobolds
  2 quokkas
  3 bats
  2 frilled lizards
  3 rats
218 creatures vanquished.

Vanquished Creatures (others)
  A kobold (D:2)
  9 toadstools (D:4)
10 creatures vanquished.

Grand Total: 228 creatures vanquished

Notes
Turn   | Place    | Note
-------+----------+-------------------------------------------
     0 | D:1      | qw the Troll Cinder Acolyte began the quest for the Orb.
     0 | D:1      | Reached XP level 1. HP: 22/22 MP: 1/1
     0 | D:1      | 0 ||| qw: Version: 0.1-a-100-g36b9a1f
     0 | D:1      | 0 ||| qw: Game counter: 5038
     0 | D:1      | 0 ||| qw: Always use a shield: true
     0 | D:1      | 0 ||| qw: God list: Okawaru
     0 | D:1      | 0 ||| qw: Allow faded altars: false
     0 | D:1      | 0 ||| qw: Do Orc after D:15 true
     0 | D:1      | 0 ||| qw: Do second Lair branch before Depths: true
     0 | D:1      | 0 ||| qw: Lair rune preference: random
     0 | D:1      | 0 ||| qw: Plans: Normal
     0 | D:1      | 0 ||| PLANNING D:1-11
   334 | D:1      | Reached XP level 2. HP: 29/29 MP: 2/2
   373 | D:1      | 373 ||| Stepping ~*~*~tactically~*~*~ (stealth).
   374 | D:1      | 374 ||| Stepping ~*~*~tactically~*~*~ (stealth).
   696 | D:1      | Reached skill level 4 in Unarmed Combat
   805 | D:1      | 805 ||| READING scroll labelled DIBUTITAUZ.
   808 | D:1      | 808 ||| READING scroll labelled MIEZOXZOMEPA.
   809 | D:1      | 809 ||| READING scroll labelled ROUSIU PUYMO.
   820 | D:2      | Noticed Natasha
   821 | D:2      | 821 ||| FLEEEEING.
   822 | D:2      | 822 ||| FLEEEEING.
   823 | D:2      | 823 ||| FLEEEEING.
   824 | D:2      | 824 ||| STAIRDANCE
   835 | D:2      | 835 ||| STAIRDANCE
   847 | D:2      | 847 ||| INVOKING Fiery Armour.
   847 | D:2      | Killed Natasha
   848 | D:2      | Reached XP level 3. HP: 14/36 MP: 3/3
  1149 | D:2      | Reached XP level 4. HP: 44/44 MP: 4/4
  1174 | D:2      | Noticed Terence
  1182 | D:2      | Killed Terence
  1183 | D:2      | Reached skill level 5 in Unarmed Combat
  1188 | D:2      | 1188 ||| INVOKING Fiery Armour.
  1193 | D:2      | Noticed Natasha
  1194 | D:2      | 1194 ||| FLEEEEING.
  1195 | D:2      | 1195 ||| FLEEEEING.
  1202 | D:2      | 1202 ||| STAIRDANCE
  1214 | D:1      | 1214 ||| UPGRADING to +0 kite shield.
  1219 | D:1      | 1219 ||| UPGRADING to +6 ring of strength.
  1220 | D:1      | 1220 ||| READING scroll labelled TUVEUTENGOM.
  1221 | D:1      | 1221 ||| READING scroll labelled DOCLUI AZACWU.
  1222 | D:1      | 1222 ||| READING scroll labelled QATUGH LUAMM.
  1246 | D:2      | 1246 ||| Stepping ~*~*~tactically~*~*~ (outnumbered).
  1248 | D:2      | 1248 ||| Stepping ~*~*~tactically~*~*~ (outnumbered).
  1252 | D:2      | Noticed Robin
  1253 | D:2      | 1253 ||| Stepping ~*~*~tactically~*~*~ (outnumbered).
  1254 | D:2      | 1254 ||| Stepping ~*~*~tactically~*~*~ (outnumbered).
  1255 | D:2      | 1255 ||| Stepping ~*~*~tactically~*~*~ (outnumbered).
  1257 | D:2      | 1257 ||| Stepping ~*~*~tactically~*~*~ (outnumbered).
  1258 | D:2      | 1258 ||| Stepping ~*~*~tactically~*~*~ (outnumbered).
  1259 | D:2      | 1259 ||| Stepping ~*~*~tactically~*~*~ (outnumbered).
  1260 | D:2      | 1260 ||| Stepping ~*~*~tactically~*~*~ (outnumbered).
  1261 | D:2      | 1261 ||| Stepping ~*~*~tactically~*~*~ (outnumbered).
  1262 | D:2      | 1262 ||| Stepping ~*~*~tactically~*~*~ (outnumbered).
  1263 | D:2      | 1263 ||| Stepping ~*~*~tactically~*~*~ (outnumbered).
  1266 | D:2      | 1266 ||| Stepping ~*~*~tactically~*~*~ (outnumbered).
  1270 | D:2      | 1270 ||| Stepping ~*~*~tactically~*~*~ (outnumbered).
  1272 | D:2      | Killed Robin
  1273 | D:2      | Reached skill level 1 in Shields
  1274 | D:2      | 1274 ||| Stepping ~*~*~tactically~*~*~ (outnumbered).
  1275 | D:2      | 1275 ||| Stepping ~*~*~tactically~*~*~ (outnumbered).
  1278 | D:2      | Killed Natasha
  1279 | D:2      | Reached XP level 5. HP: 34/50 MP: 5/5
  1316 | D:2      | 1316 ||| Stepping ~*~*~tactically~*~*~ (stealth).
  1431 | D:2      | Noticed Natasha
  1432 | D:2      | 1432 ||| Stepping ~*~*~tactically~*~*~ (stealth).
  1435 | D:2      | 1435 ||| Stepping ~*~*~tactically~*~*~ (hiding).
  1441 | D:2      | Killed Natasha
  1578 | D:2      | 1578 ||| UPGRADING to ring of protection from cold.
  1656 | D:3      | Identified the +5 ring mail of Dyacad {Fly Will- Str+6
                  | Dex-3}
  1878 | D:3      | Noticed an ogre
  1885 | D:3      | 1885 ||| INVOKING Fiery Armour.
  1887 | D:3      | Killed an ogre
  1888 | D:3      | Reached skill level 3 in Shields
  1888 | D:3      | Reached XP level 6. HP: 20/59 MP: 6/6
  2105 | D:3      | 2105 ||| FLEEEEING.
  2106 | D:3      | 2106 ||| FLEEEEING.
  2107 | D:3      | 2107 ||| FLEEEEING.
  2255 | D:3      | 2255 ||| DROPPING +6 ring of intelligence.
  2256 | D:3      | 2256 ||| READING scroll labelled YTEQAJ CATO.
  2296 | D:4      | 2296 ||| Stepping ~*~*~tactically~*~*~ (stealth).
  2313 | D:4      | Found a radiant altar of Vehumet.
  2328 | D:4      | Noticed Edmund
  2343 | D:4      | 2343 ||| INVOKING Fiery Armour.
  2345 | D:4      | HP: 14/59 [Edmund/+1 vorpal flail (1)]
  2346 | D:4      | Killed Edmund
  2347 | D:4      | Reached skill level 6 in Unarmed Combat
  2466 | D:4      | Found a runed translucent door.
  2467 | D:4      | Noticed Crazy Yiuf
  2497 | D:4      | 2497 ||| Stepping ~*~*~tactically~*~*~ (stealth).
  2507 | D:4      | Found a runed translucent gate.
  2507 | D:4      | Found a runed translucent gate.
  2507 | D:4      | Found a runed translucent gate.
  2509 | D:4      | Noticed a water moccasin
  2510 | D:4      | Noticed qw's ghost (amateur TrCA)
  2543 | D:4      | 2543 ||| Stepping ~*~*~tactically~*~*~ (stealth).
  2551 | D:4      | Reached XP level 7. HP: 46/66 MP: 7/7
  2576 | D:4      | Found a staircase to the Ecumenical Temple.
  2666 | D:4      | Found Efuhick's Antique Weapon Shoppe.
  2754 | D:4      | 2754 ||| INVOKING Fiery Armour.
  2755 | D:4      | 2755 ||| Stepping ~*~*~tactically~*~*~ (outnumbered).
  2756 | D:4      | 2756 ||| Stepping ~*~*~tactically~*~*~ (outnumbered).
  2757 | D:4      | 2757 ||| Stepping ~*~*~tactically~*~*~ (outnumbered).
  2759 | D:4      | 2759 ||| Stepping ~*~*~tactically~*~*~ (outnumbered).
  3122 | D:4      | Noticed Blork the orc
  3125 | D:4      | Noticed Pikel
  3126 | D:4      | 3126 ||| INVOKING Fiery Armour.
  3129 | D:4      | Killed Blork the orc
  3130 | D:4      | Reached skill level 7 in Unarmed Combat
  3134 | D:4      | 3134 ||| Stepping ~*~*~tactically~*~*~ (outnumbered).
  3146 | D:4      | HP: 15/66 [Pikel/+2 whip of freezing (6)]
  3148 | D:4      | Killed Pikel
  3149 | D:4      | Reached XP level 8. HP: 12/74 MP: 8/8
  3302 | D:4      | Found Itequq Xua's Antique Armour Emporium.
  3314 | D:4      | 3314 ||| BUYING glowing robe (99 gold).
  3314 | D:4      | Bought a glowing robe for 99 gold pieces
  3404 | D:4      | 3404 ||| UPGRADING to +2 robe of cold resistance.
  3414 | D:4      | 3414 ||| DROPPING +0 robe.
  3415 | D:4      | 3415 ||| UPGRADING to amulet of regeneration.
  3420 | D:4      | 3420 ||| READING scroll labelled POWEFF DEBOUWU.
  3421 | D:4      | 3421 ||| READING scroll labelled VOAP SIDOYBBO.
  3422 | D:4      | 3422 ||| Stepping randomly (stuck).
  3423 | D:4      | 3423 ||| Stepping ~*~*~tactically~*~*~ (cloud).
  3437 | D:4      | 3437 ||| Stepping randomly (stuck).
  3441 | D:4      | Killed Crazy Yiuf
  3491 | D:4      | 3491 ||| UPGRADING to +1 cloak of preservation.
  3496 | D:4      | 3496 ||| READING scroll of enchant armour.
  3496 | D:4      | 3496 ||| ENCHANTING +1 cloak of preservation.
  3510 | D:5      | Entered Level 5 of the Dungeon
  3512 | D:5      | 3512 ||| STAIRDANCE
  3542 | D:5      | 3542 ||| STAIRDANCE
  3628 | D:5      | Reached skill level 8 in Unarmed Combat
  3870 | D:5      | 3870 ||| Stepping ~*~*~tactically~*~*~ (hiding).
  3878 | D:5      | Reached skill level 3 in Fighting
  4171 | D:5      | 4171 ||| READING scroll labelled ZIPSIU QACUEDU.
  4172 | D:5      | 4172 ||| DRINKING 2 sapphire potions.
  4173 | D:5      | 4173 ||| READING 2 scrolls of identify.
  4173 | D:5      | 4173 ||| IDENTIFYING silvery potion
  4174 | D:5      | 4174 ||| DROPPING potion of attraction.
  4242 | D:6      | 4242 ||| Stepping ~*~*~tactically~*~*~ (outnumbered).
  4244 | D:6      | 4244 ||| Stepping ~*~*~tactically~*~*~ (outnumbered).
  4245 | D:6      | 4245 ||| Stepping ~*~*~tactically~*~*~ (outnumbered).
  4246 | D:6      | 4246 ||| Stepping ~*~*~tactically~*~*~ (outnumbered).
  4248 | D:6      | 4248 ||| Stepping ~*~*~tactically~*~*~ (outnumbered).
  4249 | D:6      | 4249 ||| Stepping ~*~*~tactically~*~*~ (outnumbered).
  4322 | D:6      | 4322 ||| INVOKING Fiery Armour.
  4385 | D:6      | Reached skill level 9 in Unarmed Combat
  4416 | D:6      | Reached XP level 9. HP: 81/81 MP: 9/9
  4426 | D:6      | Noticed Eustachio
  4436 | D:6      | 4436 ||| INVOKING Fiery Armour.
  4437 | D:6      | 4437 ||| Stepping ~*~*~tactically~*~*~ (outnumbered).
  4438 | D:6      | 4438 ||| Stepping ~*~*~tactically~*~*~ (outnumbered).
  4439 | D:6      | 4439 ||| Stepping ~*~*~tactically~*~*~ (outnumbered).
  4443 | D:6      | 4443 ||| Stepping ~*~*~tactically~*~*~ (outnumbered).
  4445 | D:6      | Killed Eustachio
  4590 | D:6      | 4590 ||| FLEEEEING.
  4611 | D:6      | 4611 ||| Stepping ~*~*~tactically~*~*~ (hiding).
  4726 | D:6      | Reached skill level 10 in Unarmed Combat
  4751 | D:6      | Identified the +0 scale mail of the Inquisitive Eyes {Dex+5
                  | SInv}
  4944 | D:6      | 4944 ||| Stepping ~*~*~tactically~*~*~ (hiding).
  4945 | D:6      | 4945 ||| Stepping ~*~*~tactically~*~*~ (hiding).
  4946 | D:6      | 4946 ||| Stepping ~*~*~tactically~*~*~ (hiding).
  5095 | D:6      | 5095 ||| UPGRADING to +4 ring of evasion.
  5097 | D:6      | 5097 ||| UPGRADING to ring of poison resistance.
  5099 | D:6      | 5099 ||| UPGRADING to +6 ring of strength.
  5101 | D:6      | 5101 ||| UPGRADING to +4 ring of evasion.
  5103 | D:6      | 5103 ||| DROPPING ring of protection from cold.
  5104 | D:6      | 5104 ||| READING scroll labelled LYFFOTHR RUNOAKH.
  5105 | D:6      | 5105 ||| READING scroll labelled NILETIGHOCK.
  5106 | D:6      | 5106 ||| DRINKING 2 bubbling cyan potions.
  5107 | D:6      | 5107 ||| READING 4 scrolls of identify.
  5107 | D:6      | 5107 ||| IDENTIFYING brown potion
  5108 | D:6      | 5108 ||| READING 3 scrolls of identify.
  5108 | D:6      | 5108 ||| IDENTIFYING smoky inky potion
  5109 | D:6      | 5109 ||| READING 2 scrolls of identify.
  5109 | D:6      | 5109 ||| IDENTIFYING murky yellow potion
  5110 | D:6      | 5110 ||| DROPPING potion of lignification.
  5111 | D:6      | 5111 ||| DROPPING potion of invisibility.
  5138 | D:7      | 5138 ||| Stepping ~*~*~tactically~*~*~ (hiding).
  5170 | D:7      | 5170 ||| Stepping ~*~*~tactically~*~*~ (stealth).
  5171 | D:7      | 5171 ||| Stepping ~*~*~tactically~*~*~ (stealth).
  5294 | D:7      | 5294 ||| DRINKING potion of curing.
  5294 | D:7      | 5294 ||| (to cure confusion)
  5299 | D:7      | 5299 ||| Stepping ~*~*~tactically~*~*~ (outnumbered).
  5600 | D:7      | 5600 ||| Stepping ~*~*~tactically~*~*~ (outnumbered).
  5601 | D:7      | 5601 ||| Stepping ~*~*~tactically~*~*~ (outnumbered).
  5644 | D:7      | 5644 ||| Stepping ~*~*~tactically~*~*~ (hiding).
  5650 | D:7      | 5650 ||| Stepping ~*~*~tactically~*~*~ (outnumbered).
  5668 | D:7      | Reached XP level 10. HP: 80/92 MP: 10/10
  6256 | D:7      | 6256 ||| READING scroll labelled JIEPSI SAUTT.
  6257 | D:7      | 6257 ||| READING scroll labelled COUKOERICO.
  6257 | D:7      | Identified a scroll of acquirement
  6257 | D:7      | 6257 ||| ACQUIRING 835 gold pieces
  6257 | D:7      | Acquired 835 gold pieces
  6259 | D:7      | 6259 ||| READING 3 scrolls of identify.
  6259 | D:7      | 6259 ||| IDENTIFYING green potion
  6260 | D:7      | 6260 ||| READING 2 scrolls of identify.
  6260 | D:7      | 6260 ||| IDENTIFYING grey potion
  6261 | D:7      | 6261 ||| DROPPING potion of brilliance.
  6262 | D:7      | 6262 ||| DROPPING potion of degeneration.
  6390 | D:8      | Reached skill level 1 in Throwing
  6425 | D:8      | 6425 ||| Stepping ~*~*~tactically~*~*~ (hiding).
  6431 | D:8      | Reached skill level 11 in Unarmed Combat
  6608 | D:8      | 6608 ||| READING scroll of teleportation.
  6628 | D:9      | 6628 ||| INVOKING Fiery Armour.
  6631 | D:9      | 6631 ||| Stepping ~*~*~tactically~*~*~ (outnumbered).
  6632 | D:9      | 6632 ||| STAIRDANCE
  6638 | D:9      | 6638 ||| STAIRDANCE
  6648 | D:9      | 6648 ||| STAIRDANCE
  6660 | D:9      | 6660 ||| STAIRDANCE
  6677 | D:9      | 6677 ||| STAIRDANCE
  6696 | D:9      | 6696 ||| STAIRDANCE
  6709 | D:8      | Reached skill level 9 in Shields
  6724 | D:9      | 6724 ||| STAIRDANCE
  6739 | D:9      | 6739 ||| STAIRDANCE
  6755 | D:9      | 6755 ||| STAIRDANCE
  6763 | D:9      | 6763 ||| STAIRDANCE
  6773 | D:9      | Noticed a two-headed ogre
  6777 | D:9      | 6777 ||| INVOKING Fiery Armour.
  6780 | D:9      | Killed a two-headed ogre
  6781 | D:9      | Reached skill level 12 in Unarmed Combat
  6786 | D:9      | HP: 17/93 [electric eel/bolt of electricity (16)]
  6787 | D:9      | 6787 ||| FLEEEEING.
  6788 | D:9      | 6788 ||| FLEEEEING.
  6790 | D:9      | 6790 ||| STAIRDANCE
  6999 | D:9      | Found a staircase to the Lair.
  7061 | D:9      | Noticed an obsidian statue
  7062 | D:9      | 7062 ||| INVOKING Fiery Armour.
  7066 | D:9      | 7066 ||| Stepping ~*~*~tactically~*~*~ (hiding).
  7069 | D:9      | 7069 ||| Stepping ~*~*~tactically~*~*~ (hiding).
  7093 | D:9      | 7093 ||| Stepping ~*~*~tactically~*~*~ (outnumbered).
  7094 | D:9      | 7094 ||| Stepping ~*~*~tactically~*~*~ (outnumbered).
  7095 | D:9      | 7095 ||| Stepping ~*~*~tactically~*~*~ (outnumbered).
  7118 | D:9      | 7118 ||| Stepping ~*~*~tactically~*~*~ (hiding).
  7119 | D:9      | 7119 ||| Stepping ~*~*~tactically~*~*~ (hiding).
  7121 | D:9      | 7121 ||| Stepping ~*~*~tactically~*~*~ (outnumbered).
  7149 | D:9      | Noticed a rust devil
  7159 | D:9      | Noticed a rust devil
  7170 | D:9      | 7170 ||| Stepping ~*~*~tactically~*~*~ (outnumbered).
  7171 | D:9      | 7171 ||| Stepping ~*~*~tactically~*~*~ (outnumbered).
  7175 | D:9      | 7175 ||| Stepping ~*~*~tactically~*~*~ (outnumbered).
  7176 | D:9      | 7176 ||| Stepping ~*~*~tactically~*~*~ (outnumbered).
  7177 | D:9      | 7177 ||| Stepping ~*~*~tactically~*~*~ (outnumbered).
  7178 | D:9      | 7178 ||| Stepping ~*~*~tactically~*~*~ (outnumbered).
  7179 | D:9      | 7179 ||| Stepping ~*~*~tactically~*~*~ (hiding).
  7180 | D:9      | 7180 ||| Stepping ~*~*~tactically~*~*~ (hiding).
  7181 | D:9      | 7181 ||| Stepping ~*~*~tactically~*~*~ (outnumbered).
  7182 | D:9      | 7182 ||| Stepping ~*~*~tactically~*~*~ (outnumbered).
  7183 | D:9      | 7183 ||| INVOKING Fiery Armour.
  7184 | D:9      | 7184 ||| Stepping ~*~*~tactically~*~*~ (outnumbered).
  7185 | D:9      | 7185 ||| Stepping ~*~*~tactically~*~*~ (outnumbered).
  7186 | D:9      | 7186 ||| Stepping ~*~*~tactically~*~*~ (hiding).
  7187 | D:9      | 7187 ||| Stepping ~*~*~tactically~*~*~ (outnumbered).
  7189 | D:9      | Noticed a sun demon
  7202 | D:9      | 7202 ||| Stepping ~*~*~tactically~*~*~ (outnumbered).
  7216 | D:9      | 7216 ||| Stepping ~*~*~tactically~*~*~ (outnumbered).
  7217 | D:9      | 7217 ||| Stepping ~*~*~tactically~*~*~ (outnumbered).
  7218 | D:9      | Noticed a smoke demon
  7218 | D:9      | 7218 ||| Stepping ~*~*~tactically~*~*~ (outnumbered).
  7259 | D:9      | 7259 ||| Stepping ~*~*~tactically~*~*~ (outnumbered).
  7266 | D:9      | Noticed an orange demon
  7273 | D:9      | Noticed a sixfirhy
  7273 | D:9      | Noticed a soul eater
  7284 | D:9      | HP: 17/91 [sixfirhy[an obsidian statue] (11)]
  7285 | D:9      | 7285 ||| READING scroll of teleportation.
  7285 | D:9      | HP: 3/91 [sixfirhy[an obsidian statue] (12)]
  7285 | D:9      | HP: 1/91 [something (2)]
  7286 | D:9      | 7286 ||| DRINKING potion of heal wounds.
  7391 | D:9      | 7391 ||| Invisible monster not found???
  7399 | D:9      | 7399 ||| Stepping randomly (stuck).
  7419 | D:9      | Noticed an orange demon
  7438 | D:9      | 7438 ||| Stepping ~*~*~tactically~*~*~ (outnumbered).
  7440 | D:9      | 7440 ||| Stepping ~*~*~tactically~*~*~ (outnumbered).
  7443 | D:9      | 7443 ||| Stepping ~*~*~tactically~*~*~ (outnumbered).
  7449 | D:9      | Noticed a rust devil
  7462 | D:9      | HP: 20/91 [rust devil[an obsidian statue] (10)]
  7463 | D:9      | HP: 7/91 [rust devil[an obsidian statue] (9)]
  7464 | D:9      | HP: 2/91 [rust devil[an obsidian statue] (7)]
  7464 | D:9      | Killed from afar by a shadow imp

Levels and vault maps discovered:
D:1:      roderic_dead_forest, layout_loops_corners
D:2:      layout_rooms, serial_curves, eino_curves_02, eino_curves_02,
          eino_curves_01, eino_curves_03, minmay_cupped, uniq_robin,
          uniq_terence, uniq_natasha
D:3:      layout_basic, st_stairs_7, minmay_misc_feat_pillars
D:4:      cheibrodos_fertilizer, layout_loops_ring, nicolae_vehumet_radiance,
          minmay_temple_entry_statues_fountains, gammafunk_ghost_split,
          serial_shops, nicolae_shop_trees, nicolae_shop_window_shopping,
          uniq_pikel, uniq_crazy_yiuf_cottage, uniq_blork_the_orc, uniq_edmund
D:5:      layout_cave_pools, minmay_pentangle
D:6:      minmay_razor_zed, layout_basic, nrook_uturn, uniq_eustachio
D:7:      nicolae_whirlpool, layout_basic, minmay_crossroads
D:8:      layout_basic
D:9:      layout_big_octagon, minmay_statue_bubble

Skill      XL: |  1  2  3  4  5  6  7  8  9 10 |
---------------+-------------------------------+-----
Unarmed Combat | 4 5 6 7 9 10 12 | 12.0
Shields        | 1 3 4 7 8 9 |  9.0
Fighting       | 3 4 |  4.6
Dodging        | 2 |  2.0
Throwing       | 1 |  1.0
Spellcasting   | |  1.0
Fire Magic     | |  2.1

Action                   |  1- 3 |  4- 6 |  7- 9 | 10-12 || total
-------------------------+-------+-------+-------+-------++-------
Melee: Unarmed           |    57 |   123 |   305 |   294 ||   779
Throw: Boomerang         |       |     4 |    13 |     4 ||    21
Invok: Fiery Armour      |     1 |     3 |     4 |     4 ||    12
  Use: Scroll            |     3 |     4 |    10 |     6 ||    23
       Potion            |       |       |     3 |     1 ||     4
Armor: Robe              |    16 |    45 |   115 |   169 ||   345
Dodge: Dodged            |    21 |    45 |   126 |   234 ||   426
Block: Kite shield       |       |    29 |   120 |   188 ||   337

Table legend:
 A = Non-vault XP
 B = Vault XP
 C = Vault XP percentage of total XP
 D = Non-vault monster count
 E = Vault monster count
 F = Vault count percentage of total count
                 A         B        C        D         E       F
            +---------+---------+-------+---------+---------+-------
      Total |    6407 |    2547 |  28.4 |     160 |      56 |  25.9
            +---------+---------+-------+---------+---------+-------
        D:1 |      34 |       0 |   0.0 |      19 |       0 |   0.0
        D:2 |     116 |     106 |  47.7 |      15 |      16 |  51.6
        D:3 |     273 |       1 |   0.4 |      13 |       1 |   7.1
        D:4 |     506 |     966 |  65.6 |      22 |      19 |  46.3
        D:5 |     292 |     146 |  33.3 |       6 |       5 |  45.5
        D:6 |     895 |     790 |  46.9 |      17 |      10 |  37.0
        D:7 |    1078 |     538 |  33.3 |      17 |       5 |  22.7
        D:8 |    1882 |       0 |   0.0 |      36 |       0 |   0.0
        D:9 |    1331 |       0 |   0.0 |      15 |       0 |   0.0
            +---------+---------+-------+---------+---------+-------
